 Dungeon Crawl Stone Soup version 0.30-a0-457-g4b7bca3bfa (webtiles) character file.

Game seed: 2578397148097878440

38090 snetch the Severer (level 13, -2/175 HPs)
             Began as a Minotaur Berserker on Dec 12, 2022.
             Was a High Priest of Trog.
             Shot with a bolt by a yaktaur (17 damage)
             ... on level 14 of the Dungeon on Dec 14, 2022.
             The game lasted 00:41:05 (11165 turns).

snetch the Severer (Minotaur Berserker)            Turns: 11165, Time: 00:41:06

Health: -2/175     AC: 21    Str: 27    XL:     13   Next: 61%
Magic:  12/12      EV: 10    Int:  7    God:    Trog [*****.]
Gold:   547        SH: 10    Dex: 10    Spells: 12/12 levels left

rFire   + + .      SeeInvis +    b - +3 broad axe of Beyond {vorpal, rPois}
rCold   + + .      Faith    .    N - +0 kite shield
rNeg    + + .      Spirit   .    I - +2 chain mail {rN+}
rPois   +          Reflect  .    (helmet restricted)
rElec   .          Harm     .    V - +2 ratskin cloak {*Rats rPois rN+ Str-1 Int-1 Dex+1}
rCorr   +          Rampage  .    z - +0 pair of gloves
Will    ++...                    C - +0 pair of boots
Stlth   ..........               L - amulet of Wojehen {Acrobat rF+ Int+4 Slay+3}
HPRegen 1.49/turn                T - ring of see invisible
MPRegen 0.13/turn                k - ring "Ublitit" {Drain rPois rF+ rC++ rCorr}

@: berserking, strong-willed, flying, regenerating, invisible, very quick
A: horns 2, retaliatory headbutt
a: Renounce Religion, Berserk, Trog's Hand, Brothers in Arms


You were on level 14 of the Dungeon.
You worshipped Trog.
Trog was extremely pleased with you.
You visited 2 branches of the dungeon, and saw 15 of its levels.
You also visited: Sewer.

You collected 716 gold pieces.
You spent 169 gold pieces at shops.

Inventory:

Hand Weapons
 a - the +9 spear "Neczok" {drain, rElec rCorr Dex+3}
   (You found it on level 3 of the Dungeon)

   A truly terrible weapon, it drains the life of any living foe it strikes.
   Dex:       It affects your dexterity (+3).
   rElec:     It insulates you from electricity.
   rCorr:     It protects you from acid and corrosion.
 b - the +3 broad axe of Beyond (weapon) {vorpal, rPois}
   (Trog gifted it to you on level 9 of the Dungeon)

   It inflicts extra damage upon your enemies.
   rPois:     It protects you from poison.
 c - a +4 scimitar of flaming
 Q - the +7 mace of Variability {chain chaos}
   (You found it on level 14 of the Dungeon)

   Each time it hits an enemy it has a different, random effect.
   It occasionally unleashes arcs of chaos on nearby creatures upon striking a
   foe.
Missiles
 o - 134 stones
 t - 11 boomerangs
 O - a throwing net
 W - 33 poisoned darts (quivered)
 Z - 7 curare-tipped darts
Armour
 z - a +0 pair of gloves (worn)
 C - a +0 pair of boots (worn)
 E - a +1 cloak
 I - a +2 chain mail of positive energy (worn)
 J - a scarf of resistance
 N - a +0 kite shield (worn)
 V - the +2 ratskin cloak (worn) {*Rats rPois rN+ Str-1 Int-1 Dex+1}
   (You found it on level 7 of the Dungeon)

   When the wearer is hurt, rats may emerge from it to assist them.
   Str:       It affects your strength (-1).
   Int:       It affects your intelligence (-1).
   Dex:       It affects your dexterity (+1).
   rPois:     It protects you from poison.
   rN:        It protects you from negative energy.
Jewellery
 i - the ring of Wu Jian's Indignation {Will+ Dex+4}
   (You took it off a centaur warrior on level 13 of the Dungeon)

   [ring of willpower]

   Dex:       It affects your dexterity (+4).
   Will:      It increases your willpower.
 k - the ring "Ublitit" (right hand) {Drain rPois rF+ rC++ rCorr}
   (You took it off a rakshasa on level 13 of the Dungeon)

   [ring of protection from fire]

   rF:        It protects you from fire.
   rC:        It greatly protects you from cold.
   rPois:     It protects you from poison.
   rCorr:     It protects you from acid and corrosion.
   Drain:     It drains your maximum health when unequipped.
 A - the ring "Xuodwu" {rF- rC++ Will+ rCorr Str+3}
   (You took it off a yaktaur on level 13 of the Dungeon)

   [ring of resist corrosion]

   Str:       It affects your strength (+3).
   rF:        It makes you vulnerable to fire.
   rC:        It greatly protects you from cold.
   rCorr:     It protects you from acid and corrosion.
   Will:      It increases your willpower.
 L - the amulet of Wojehen (around neck) {Acrobat rF+ Int+4 Slay+3}
   (You found it on level 13 of the Dungeon)

   [amulet of the acrobat]

   It increases your evasion while moving and waiting.
   Int:       It affects your intelligence (+4).
   Slay:      It affects your accuracy & damage with ranged weapons and melee
   (+3).
   rF:        It protects you from fire.
 T - a ring of see invisible (left hand)
Wands
 n - a wand of paralysis (9)
 y - a wand of quicksilver (7)
 P - a wand of polymorph (12)
 R - a wand of mindburst (2)
 U - a wand of iceblast (5)
 X - a wand of flame (38)
Scrolls
 d - 2 scrolls of poison
 g - 4 scrolls of brand weapon
 m - 6 scrolls of immolation
 q - 3 scrolls of vulnerability
 s - 3 scrolls of torment {unknown}
 v - 2 scrolls of fog
 w - 2 scrolls of enchant weapon {unknown}
 F - 10 scrolls of teleportation
 G - 3 scrolls of noise {unknown}
 H - 3 scrolls of blinking {unknown}
 K - 3 scrolls of fear
 M - a scroll of enchant armour
 Y - a scroll of magic mapping
Potions
 e - 4 potions of flight
 f - 2 potions of invisibility
 h - a potion of cancellation
 j - 4 potions of might {unknown}
 l - 6 potions of curing
 p - a potion of haste
 r - 8 potions of heal wounds {unknown}
 u - 2 potions of resistance
 x - 3 potions of ambrosia
 B - 2 potions of lignification
 D - 5 potions of mutation {unknown}
 S - 2 potions of attraction


   Skills:
 + Level 11.8 Fighting
 + Level 15.5(16.8) Axes
 - Level 10.9(14.6) Polearms
 + Level 2.7 Throwing
 + Level 13.7 Armour
 + Level 7.2 Dodging
 + Level 2.5 Stealth
 + Level 8.4 Shields


You had 12 spell levels left.
You didn't know any spells.
Your spell library contained the following spells:

 Spells                   Type           Power      Damage    Failure   Level
 Kiss of Death            Conj/Necr      0%         2d5       99%         1
 Ensorcelled Hibernation  Hex/Ice        0%         N/A       100%        2
 Passwall                 Tmut/Erth      0%         N/A       100%        2
 Call Canine Familiar     Summ           0%         N/A       100%        3
 Confusing Touch          Hex            0%         N/A       100%        3
 Portal Projectile        Hex/Tloc       0%         N/A       100%        3
 Spider Form              Tmut/Pois      0%         N/A       100%        3
 Swiftness                Air            0%         N/A       100%        3
 Tukima's Dance           Hex            0%         N/A       100%        3
 Anguish                  Hex/Necr       0%         N/A       100%        4
 Dispel Undead            Necr           0%         3d6       100%        4
 Leda's Liquefaction      Hex/Erth       0%         N/A       100%        4
 Passage of Golubria      Tloc           0%         N/A       100%        4
 Yara's Violent Unravell  Hex/Tmut       0%         3d3       100%        5


Dungeon Overview and Level Annotations

Branches:
Dungeon (14/15)            Temple (1/1) D:5            Lair (0/5) D:10
    Orc (0/2) D:11          Sewer (visited)
 Vaults: D:13-14

Altars:
Ashenzari
Cheibriados
Dithmenos
Elyvilon
Fedhas
Gozag
Hepliaklqana
Kikubaaqudgha
Makhleb
Nemelex Xobeh
Okawaru
Qazlal
Ru
Sif Muna
Trog
Uskayaw
Vehumet
Wu Jian
Xom
Yredelemnul
Zin
The Shining One

Shops:
D:8 ==(:?

Annotations:
D:11 angel behind glass
D:13 exclusion: orange crystal statue


Innate Abilities, Weirdness & Mutations

You have a pair of horns on your head.
You reflexively headbutt those who attack you in melee.


Message History

You are lethally poisoned!
The orc knight hits your ogre with a +0 war axe!!
Your ogre dies!
Your ogre's corpse disappears in a puff of smoke!
The yaktaur shoots a bolt.
The bolt hits the yaktaur!!
You block the deep elf knight's attack.
You feel better.
Your ogre closely misses the skeletal warrior.
The deep elf knight hits you with a +0 long sword.
* * * LOW HITPOINT WARNING * * *
You block the skeletal warrior's attack.
The deep elf zephyrmancer gestures wildly while chanting.
The deep elf zephyrmancer blinks!
The yaktaur shoots a bolt.
The bolt hits the yaktaur!!
The yaktaur dies!
Your skin crawls.
You feel strong-willed.
The deep elf knight gestures at you while chanting.
The lance of force misses you. The lance of force hits your troll!
Your troll is knocked back by the lance of force.
Your troll collides with the skeletal warrior!
Your troll is heavily wounded.
Your ogre hits the skeletal warrior with a +0 giant spiked club!!!
The skeletal warrior is destroyed!
Trog accepts your kill.
The yaktaur shoots a bolt.
The bolt hits the yaktaur!!!
The deep elf knight hits you with a +0 long sword.
* * * LOW HITPOINT WARNING * * *
A red film seems to cover your vision as you go berserk!
You feel yourself moving faster!
You feel mighty!
The centaur warrior skeleton hits your troll but does no damage.
The centaur warrior skeleton kicks your troll.
Your troll bites the centaur warrior skeleton!!
Your troll claws the centaur warrior skeleton!!
Your troll claws the centaur warrior skeleton.
Your ogre hits the centaur warrior skeleton with a +0 giant spiked club!!
The centaur warrior skeleton is destroyed!
Trog accepts your kill.
The yaktaur wields a +0 arbalest.
The yaktaur shoots a bolt.
The bolt hits you!
You die...

###.# #.# #...#
#.# #...# #.#
#..##### #.#
#..# .. #.#
#..##. # #.#
#..#)# .# #.#
..##.#..#O##..#
#.#
#......)T@e#
#.#
###.#..#)###
#.# .....ooc..
#.#
.........c....
#.#
####.#o.#.#####
#.# .........
#.# .##.#..#.##
#.# #.#..#.#
#.# ###.###


You could see an orc knight (unable to see you), a deep elf knight (fast, unable
to see you), 2 yaktaurs, an orc warrior (unable to see you), an orc priest
(strong, unable to see you, very drained), a friendly troll (summoned, berserk)
and a friendly ogre (summoned, berserk).

Vanquished Creatures
  A rakshasa (D:13)
  2 boulder beetles
  4 two-headed ogres
  7 centaur warriors
  Amaemon (D:9)
  A deep elf zephyrmancer (D:14)
  The ghost of lotum the Chopper, a novice FoFi of Ru (D:5)
  2 deep elf pyromancers
  An ugly thing (D:13)
  2 manticores
  A wolf spider (D:13)
  4 cyclopes
  Joseph (D:7)
  2 gargoyles (D:13)
  An unseen horror (D:13)
  An orange demon (D:9)
  2 komodo dragons
  A yaktaur (D:13)
  2 hornets (D:8)
  A troll (shapeshifter) (D:13)
  5 trolls
  A polar bear (shapeshifter) (D:13)
  4 slime creatures (D:12)
  A shadow (D:9)
  A wyvern (D:10)
  2 wraiths
  A vampire (D:13)
  4 steam dragons
  4 basilisks
  3 chaos spawn (D:14)
  19 yaks
  4 vampire mosquitoes (D:14)
  Edmund (D:6)
  2 acid dragons
  A water moccasin (D:9)
  9 orc warriors
  2 ice beasts
  A sky beast (D:7)
  5 ogres
  3 black bears
  A phantom (D:6)
  8 centaurs
  6 kobold brigands
  4 necrophages
  7 bullfrogs
  4 gnoll sergeants
  2 scorpions (D:6)
  10 wights
  17 killer bees
  4 howler monkeys
  Crazy Yiuf (D:4)
  3 hounds
  7 jellies
  A gnoll bouda (D:7)
  An orc priest (D:6)
  4 iguanas
  9 orc wizards
  13 gnolls
  A river rat (Sewer)
  8 adders
  A white imp (D:6)
  2 ufetubi
  3 worms (D:4)
  34 orcs
  2 bats
  10 endoplasms
  5 giant cockroaches
  10 goblins
  3 hobgoblins
  3 jackals (D:4)
  2 quokkas
  6 ball pythons
  6 frilled lizards
  15 kobolds
  10 rats
334 creatures vanquished.

Vanquished Creatures (collateral kills)
  2 two-headed ogres (D:13)
  A centaur warrior (D:13)
  A boulder beetle (D:13)
  A tengu warrior (D:13)
  A skeletal warrior (D:14)
  A deep elf pyromancer (D:13)
  A deep elf zephyrmancer (D:14)
  An ugly thing (D:13)
  A salamander (shapeshifter) (D:13)
  A cyclops (D:13)
  2 gargoyles (D:13)
  A centaur skeleton (D:14)
  A yaktaur (D:13)
  An efreet (D:13)
  A slime creature (D:13)
  A vampire (D:11)
  3 yaks (D:11)
  2 orc warriors (D:11)
  A centaur (D:13)
  2 orc priests
  2 orc wizards (D:11)
  4 orcs (D:11)
32 creatures vanquished.

Vanquished Creatures (others)
  A yaktaur (D:14)
  19 plants (D:3)
20 creatures vanquished.

Grand Total: 386 creatures vanquished

Notes
Turn   | Place    | Note
-------+----------+-------------------------------------------
     0 | D:1      | snetch the Minotaur Berserker began the quest for the Orb.
     0 | D:1      | Reached XP level 1. HP: 19/19 MP: 0/0
   194 | D:2      | Reached XP level 2. HP: 16/27 MP: 1/1
   309 | D:1      | Reached skill level 4 in Axes
   889 | D:4      | Reached XP level 3. HP: 27/33 MP: 2/2
  1014 | D:4      | Reached XP level 4. HP: 30/40 MP: 3/3
  1017 | D:4      | Found a blossoming altar of Fedhas.
  1074 | D:4      | Found a glowing drain.
  1077 | D:4      | Reached ** piety under Trog
  1100 | Sewer    | Entered a sewer
  1207 | Sewer    | Found a viscous altar of Jiyva.
  1210 | Sewer    | Reached skill level 5 in Axes
  1210 | Sewer    | Reached XP level 5. HP: 45/47 MP: 4/4
  1360 | D:4      | Reached *** piety under Trog
  1465 | D:3      | Identified the +9 spear "Neczok" {drain, rElec rCorr Dex+3}
  2700 | D:4      | Reached XP level 6. HP: 55/55 MP: 5/5
  2875 | D:3      | Found an ancient bone altar of Kikubaaqudgha.
  3403 | D:4      | Found a runed translucent door.
  3404 | D:4      | Noticed Crazy Yiuf
  3411 | D:4      | Killed Crazy Yiuf
  3551 | D:5      | Entered Level 5 of the Dungeon
  3558 | D:5      | Reached skill level 6 in Axes
  3586 | D:5      | Found a staircase to the Ecumenical Temple.
  3595 | Temple   | Entered the Ecumenical Temple
  3838 | D:5      | Reached skill level 1 in Polearms
  3850 | D:6      | Reached skill level 5 in Fighting
  3850 | D:6      | Reached skill level 5 in Armour
  3855 | D:6      | Reached XP level 7. HP: 61/61 MP: 6/6
  3910 | D:5      | Found a sacrificial altar of Ru.
  4008 | D:5      | Found an iron altar of Okawaru.
  4085 | D:5      | Found a runed translucent door.
  4085 | D:5      | Noticed lotum's ghost (novice FoFi)
  4391 | D:5      | Reached skill level 7 in Axes
  4531 | D:6      | Noticed Edmund
  4538 | D:6      | Killed Edmund
  4598 | D:6      | Reached **** piety under Trog
  4650 | D:6      | Reached XP level 8. HP: 68/68 MP: 7/7
  4671 | D:6      | Reached skill level 1 in Stealth
  4673 | D:6      | Reached skill level 5 in Polearms
  4979 | D:6      | Reached XP level 9. HP: 75/75 MP: 8/8
  5117 | D:6      | Found a glowing golden altar of the Shining One.
  5458 | D:5      | Killed lotum's ghost
  5462 | D:5      | Identified the +0 battleaxe of the Crawling Thing {flame,
                  | rN+ Str+4}
  5532 | D:7      | Noticed Joseph
  5547 | D:7      | Killed Joseph
  5664 | D:7      | Reached skill level 10 in Polearms
  5727 | D:7      | Reached skill level 1 in Shields
  5729 | D:7      | Found a glowing silver altar of Zin.
  5908 | D:7      | Found the +2 ratskin cloak {*Rats rPois rN+ Str-1 Int-1
                  | Dex+1}
  5974 | D:8      | Reached XP level 10. HP: 84/84 MP: 9/9
  6012 | D:8      | Reached skill level 5 in Dodging
  6041 | D:8      | Found Noogaed's Jewellery Emporium.
  6135 | D:9      | Reached ***** piety under Trog
  6177 | D:9      | Noticed an orange demon
  6354 | D:8      | Reached skill level 10 in Armour
  6409 | D:9      | Noticed Amaemon
  6436 | D:9      | Killed Amaemon
  6443 | D:9      | Killed an orange demon
  6517 | D:8      | Found Noduskir's Magic Scroll Shoppe.
  6524 | D:8      | Bought a scroll of fear for 52 gold pieces
  6524 | D:8      | Bought a scroll of teleportation for 39 gold pieces
  6524 | D:8      | Bought a scroll of identify for 26 gold pieces
  6524 | D:8      | Bought a scroll of vulnerability for 52 gold pieces
  6689 | D:8      | Found Bitism's Jewellery Shop.
  6924 | D:8      | Found Epelah's Weapon Emporium.
  6955 | D:8      | Found Onuficexo's Book Shop.
  6981 | D:9      | Identified the +3 broad axe of Beyond {vorpal, rPois} (Trog
                  | gifted it to you on level 9 of the Dungeon)
  6981 | D:9      | Received a gift from Trog
  7055 | D:9      | Reached XP level 11. HP: 95/95 MP: 10/10
  7398 | D:10     | Entered Level 10 of the Dungeon
  7635 | D:10     | Found a staircase to the Lair.
  7644 | D:10     | Reached skill level 5 in Shields
  7671 | D:10     | Noticed a two-headed ogre
  7679 | D:10     | Killed a two-headed ogre
  7680 | D:10     | Reached skill level 8 in Axes
  7749 | D:11     | Noticed a two-headed ogre
  7760 | D:11     | Killed a two-headed ogre
  7773 | D:11     | Reached skill level 9 in Axes
  8663 | D:11     | Noticed an angel
  8665 | D:11     | Found a glowing silver altar of Zin.
  8829 | D:11     | Found a staircase to the Orcish Mines.
  8841 | D:11     | Reached skill level 10 in Axes
  9015 | D:12     | Noticed a centaur warrior
  9023 | D:12     | Killed a centaur warrior
  9023 | D:12     | Noticed a boulder beetle
  9024 | D:12     | Reached skill level 11 in Axes
  9024 | D:12     | Reached XP level 12. HP: 75/106 MP: 11/11
  9042 | D:12     | Killed a boulder beetle
  9318 | D:12     | Reached skill level 1 in Throwing
  9467 | D:13     | Noticed a centaur warrior
  9467 | D:13     | Noticed a centaur warrior
  9469 | D:13     | Reached skill level 12 in Axes
  9473 | D:13     | Reached skill level 10 in Fighting
  9477 | D:13     | Killed a centaur warrior
  9481 | D:13     | Killed a centaur warrior
  9865 | D:13     | Noticed a centaur warrior
  9865 | D:13     | Noticed a boulder beetle
  9868 | D:13     | Noticed a two-headed ogre
  9876 | D:13     | Killed a centaur warrior
  9877 | D:13     | Reached skill level 13 in Axes
  9879 | D:13     | Killed a two-headed ogre
  9881 | D:13     | Killed a boulder beetle
  9908 | D:13     | Noticed a two-headed ogre
  9908 | D:13     | Noticed a boulder beetle
  9910 | D:13     | Killed a two-headed ogre
  9911 | D:13     | Noticed a two-headed ogre
  9912 | D:13     | Noticed a tengu warrior
  9915 | D:13     | Killed a boulder beetle
  9917 | D:13     | Killed a tengu warrior
  9919 | D:13     | Killed a two-headed ogre
  9920 | D:13     | Reached skill level 14 in Axes
  9920 | D:13     | Reached XP level 13. HP: 102/116 MP: 12/12
  9960 | D:13     | Identified the ring "Xuodwu" {rF- rC++ Will+ rCorr Str+3}
  9978 | D:13     | Identified the ring "Ublitit" {Drain rPois rF+ rC++ rCorr}
  9980 | D:13     | Identified the ring of Wu Jian's Indignation {Will+ Dex+4}
 10012 | D:13     | Reached skill level 15 in Axes
 10014 | D:13     | Identified the amulet of Wojehen {Acrobat rF+ Int+4 Slay+3}
 10993 | D:14     | Found a shimmering altar of Xom.
 10993 | D:14     | Found the +7 mace of Variability {chain chaos}
 11165 | D:14     | Shot with a bolt by a yaktaur

Illustrated notes

Levels and vault maps discovered:
D:1:      tarquinn_simple_flora_water_e, layout_basic
D:2:      layout_basic, nicolae_kite_square_tiling_tiny
D:3:      layout_basic, marbit_many_paths, kennysheep_boxes
D:4:      layout_loops_corners, fedhas_altar_3, serial_glass, glass_columns_a,
          glass_columns_a, feat_on_display, feat_on_display,
          portal_sewer_entry_b, uniq_crazy_yiuf_cottage
D:5:      layout_gridville, amcnicky_altar_gilded, mainiacjoe_overflow_alcove_1,
          minmay_temple_entry_overgrown, ebering_ghost_inner_flame
D:6:      layout_loops_ring, nicolae_tso_swordbearing_angel, nzn_random_ring,
          uniq_edmund
D:7:      layout_rooms, mainiacjoe_overflow_24_doors, uniq_joseph
D:8:      layout_basic, serial_shops, nicolae_square_shop,
          nicolae_shop_waterfront, nicolae_shop_advertising_works
          [nicolae_subvault_shop_adworks], shop, shop
D:9:      layout_big_octagon, uniq_amaemon
D:10:     layout_loops_corners, david_lair_generic
D:11:     layout_rooms, kennysheep_orc_monster_closet_entryway, zin_angel
D:12:     layout_stronghold
D:13:     minmay_the_grid_triangle_9x9_line_8_mashed
          [minmay_the_grid_triangle_9x9_checkered,
          minmay_the_grid_triangle_9x9_dagger,
          minmay_the_grid_triangle_9x9_shrine,
          minmay_the_grid_triangle_9x9_windchime,
          minmay_the_grid_triangle_9x9_limited_checkers,
          minmay_the_grid_triangle_9x9_skeleton,
          minmay_the_grid_triangle_9x9_stretched_checkered,
          minmay_the_grid_triangle_9x9_prize_special], layout_loops_ring,
          minivault_16
D:14:     layout_basic, hangedman_vaults_entry_quadrant_bands,
          minmay_guarded_unrand_variability
Temple:   eino_temple_scatter_basement

Skill      XL: |  1  2  3  4  5  6  7  8  9 10 11 12 13 |
---------------+----------------------------------------+-----
Armour         | 3 4 5 6 8 9 10 12 13 | 13.7
Axes           | 4 5 6 7 11 14 15 | 15.5
Fighting       | 4 5 6 8 9 11 | 11.8
Dodging        | 3 4 6 7 |  7.2
Polearms       | 2 3 6 10 | 10.9
Stealth        | 1 2 |  2.5
Shields        | 1 4 6 7 8 |  8.4
Throwing       | 2 |  2.7

Action                   |  1- 3 |  4- 6 |  7- 9 | 10-12 | 13-15 || total
-------------------------+-------+-------+-------+-------+-------++-------
Melee: Hand axe          |    45 |    54 |       |       |       ||    99
       Headbutt          |     1 |    13 |    23 |    70 |    21 ||   128
       Spear             |       |    43 |   167 |   184 |       ||   394
       Punch             |       |     1 |       |       |       ||     1
       Broad axe         |       |       |       |   186 |   118 ||   304
Throw: Dart              |       |       |       |    13 |       ||    13
Invok: Berserk           |     1 |       |     2 |     3 |     1 ||     7
       Trog's Hand       |       |       |     1 |     3 |     1 ||     5
       Brothers in Arms  |       |       |       |     3 |     3 ||     6
  Use: Scroll            |       |       |       |    12 |     3 ||    15
       Potion            |       |       |       |     1 |     3 ||     4
 Stab: Distracted        |       |       |       |     1 |       ||     1
Armor: Animal skin       |     6 |       |       |       |       ||     6
       Ring mail         |     3 |    22 |       |       |       ||    25
       Chain mail        |       |     6 |    51 |   186 |    68 ||   311
Dodge: Dodged            |    31 |    45 |    74 |   188 |    59 ||   397
Block: Kite shield       |       |       |    18 |   154 |    80 ||   252

Table legend: (Time is in decaauts)
 A = Elapsed time spent in this place.
 B = Non-inter-level travel time spent in this place.
 C = Inter-level travel time spent in this place.
 D = Time resting spent in this place.
 E = Time spent auto-exploring this place.
 F = Levels seen in this place.
 G = Mean time per level.
                   A        B        C        D        E       F      G
               +--------+--------+--------+--------+--------+-----+--------+
         Total |  11181 |  10228 |    953 |     64 |   6881 |  16 |  698.8 |
       Dungeon |  10749 |   9803 |    946 |     64 |   6642 |  14 |  767.8 |
        Temple |    166 |    159 |      7 |      0 |    143 |   1 |  166.0 |
         Sewer |    265 |    265 |      0 |      0 |     96 |   1 |  265.0 |
               +--------+--------+--------+--------+--------+-----+--------+

Top non-repeatable levels by time:
    D:13: 1121 daAuts
    D:10: 1076 daAuts
     D:6: 963 daAuts
     D:4: 928 daAuts
     D:2: 921 daAuts
     D:8: 833 daAuts
     D:3: 807 daAuts
     D:5: 781 daAuts
    D:12: 769 daAuts
     D:1: 707 daAuts
    D:11: 596 daAuts
     D:9: 570 daAuts
     D:7: 453 daAuts
   Sewer: 265 daAuts
    D:14: 219 daAuts
